[Event "12h Blitz Kuppenheim Vorrunde"]
[Site "Kuppenheim"]
[Date "2005.06.03"]
[Round "?"]
[White "Ahner"]
[Black "KingLoek"]
[Result "0-1"]
[ECO "B84"]
[WhiteElo "2085"]
[BlackElo "2685"]
[PlyCount "110"]
[EventDate "2005.06.03"]
[EventType "blitz"]
[Source "Kuppenheim"]
[SourceDate "2005.01.01"]
[TimeControl "240"]

1. e4 c5 2. Nf3 d6 3. d4 cxd4 4. Nxd4 Nf6 5. Nc3 a6 6. Be2 e6 7. g4 h6 8. f4 Nc6 9. Be3 Qb6 10. Qd2 Qc7 11. O-O-O Bd7 12. g5 hxg5 13. fxg5 Nh5 14. Bg4 Ne5 15. Bxh5 Rxh5 16. Qe2 g6 17. Bf4 Nc4 18. Nb3 Rc8 19. e5 dxe5 20. Ne4 Be7 21. Bg3 Bb5 22. Qf2 a5 23. Nd4 Qb6 24. Nxb5 Qxb5 25. c3 Qa4 26. Kb1 Nxb2 27. Qxb2 Qxe4+ 28. Ka1 Rxg5 29. Rhe1 Qc6 30. Rxe5 Rxe5 31. Bxe5 b5 32. Qf2 Rd8 33. Rf1 f5 34. Qg3 g5 35. Qh3 Qe4 36. Qh5+ Kd7 37. Rd1+ Kc8 38. Rxd8+ Kxd8 39. Qh8+ Kd7 40. Qb8 Qh1+ 41. Kb2 Qg2+ 42. Kb1 Qc6 43. Qa7+ Ke8 44. Qd4 Kf7 45. Bh8 a4 46. Qg7+ Ke8 47. Qg8+ Kd7 48. Qg6 a3 49. Bd4 Qe4+ 50. Kc1 Bd6 51. Qf7+ Be7 52. Bc5 Qf4+ 53. Kc2 Qe4+ 54. Kb3 Qc4+ 55. Kc2 Qxc5 {
Weiß gibt auf (Lag: Av=0.45s, max=0.7s) . [%emt 0:00:01]} 0-1

[Event "12h Blitz Kuppenheim Vorrunde"]
[Site "Kuppenheim"]
[Date "2005.06.03"]
[Round "?"]
[White "KingLoek"]
[Black "Kabisch, 1780."]
[Result "1-0"]
[ECO "B00"]
[WhiteElo "2685"]
[BlackElo "1780"]
[PlyCount "33"]
[EventDate "2005.06.03"]
[EventType "blitz"]
[Source "Kuppenheim"]
[SourceDate "2005.01.01"]
[TimeControl "240"]

1. e4 Nc6 2. d4 d5 3. e5 e6 4. c3 Nge7 5. Bd3 Ng6 6. Nf3 Be7 7. g3 O-O 8. h4 h6 9. Nh2 Na5 10. Qg4 Qe8 11. h5 Nh8 12. Bxh6 g6 13. Nf3 c5 14. hxg6 fxg6 15. Ng5 Bxg5 16. Bxg5 c4 17. Qh4 {
Kuppenheim gibt auf  (Lag: Av=0.48s, max=0.8s) [%emt 0:00:10]} 1-0

[Event "12h Blitz Kuppenheim Vorrunde"]
[Site "Kuppenheim"]
[Date "2005.06.03"]
[Round "?"]
[White "Thoms"]
[Black "KingLoek"]
[Result "0-1"]
[ECO "C67"]
[WhiteElo "2094"]
[BlackElo "2685"]
[PlyCount "68"]
[EventDate "2005.06.03"]
[EventType "blitz"]
[Source "Kuppenheim"]
[SourceDate "2005.01.01"]
[TimeControl "240"]

1. e4 e5 2. Nf3 Nc6 3. Bb5 Nf6 4. O-O Nxe4 5. Re1 Nd6 6. Bxc6 dxc6 7. Nxe5 Be7 8. d4 O-O 9. Bf4 Be6 10. Nd2 Re8 11. Ndf3 Bf8 12. c3 f6 13. Nd3 b6 14. Qa4 Qd7 15. h3 a5 16. a3 Bd5 17. Qd1 Nc4 18. Rxe8 Rxe8 19. b3 Nxa3 20. Be3 Nb5 21. c4 Bxf3 22. Qxf3 Nxd4 23. Bxd4 Qxd4 24. Nf4 Qxa1+ 25. Kh2 Bd6 26. g3 Bxf4 27. Qxf4 Qe5 28. Qf3 Qe2 29. Qf4 Re5 30. h4 h5 31. Qd4 c5 32. Qf4 Kf7 33. Kg2 Qe4+ 34. Qxe4 Rxe4 {
Kuppenheim gibt auf  (Lag: Av=0.50s, max=1.5s) [%emt 0:00:01]} 0-1

[Event "12h Blitz Kuppenheim Vorrunde"]
[Site "Kuppenheim"]
[Date "2005.06.03"]
[Round "?"]
[White "KingLoek"]
[Black "Paleologu"]
[Result "1-0"]
[ECO "B07"]
[WhiteElo "2685"]
[BlackElo "2150"]
[PlyCount "49"]
[EventDate "2005.06.03"]
[EventType "blitz"]
[Source "Kuppenheim"]
[SourceDate "2005.01.01"]
[TimeControl "240"]

1. e4 d6 2. d4 Nf6 3. Nc3 c6 4. f4 d5 5. e5 Ne4 6. Nxe4 dxe4 7. Ne2 Na6 8. Ng3 g6 9. Nxe4 Bf5 10. Ng3 e6 11. Nxf5 exf5 12. Be2 Be7 13. O-O O-O 14. Bf3 f6 15. c4 Qd7 16. d5 Bc5+ 17. Kh1 fxe5 18. fxe5 cxd5 19. Qxd5+ Qf7 20. Qxb7 Nb4 21. Qxf7+ Kxf7 22. Bxa8 Rxa8 23. Rd1 Nc2 24. Rb1 Bd4 25. Rd2 {
Kuppenheim gibt auf  (Lag: Av=0.52s, max=1.3s) [%emt 0:00:04]} 1-0

[Event "12h Blitz Kuppenheim Vorrunde"]
[Site "Kuppenheim"]
[Date "2005.06.03"]
[Round "?"]
[White "Holzinger"]
[Black "KingLoek"]
[Result "0-1"]
[ECO "C26"]
[WhiteElo "1900"]
[BlackElo "2685"]
[PlyCount "78"]
[EventDate "2005.06.03"]
[EventType "blitz"]
[Source "Kuppenheim"]
[SourceDate "2005.01.01"]
[TimeControl "240"]

1. e4 e5 2. Nc3 Nc6 3. g3 Bc5 4. Bg2 d6 5. Na4 h5 6. Nxc5 dxc5 7. h4 Nf6 8. d3 Be6 9. Bg5 Qd6 10. Ne2 O-O-O 11. Qd2 Kb8 12. O-O-O Bxa2 13. Nc3 Be6 14. f4 Rhe8 15. f5 Bc8 16. Be3 Ng4 17. Nb5 Qe7 18. Bg1 Nd4 19. Qa5 a6 20. Na3 b6 21. Qe1 a5 22. Kb1 Ba6 23. Bh3 Qd7 24. Bxg4 hxg4 25. h5 Nf3 26. Qf2 Rh8 27. Qg2 f6 28. Be3 Qf7 29. h6 gxh6 30. Rxh6 Rxh6 31. Bxh6 Rh8 32. Bc1 Rh2 33. Qf1 Qd7 34. Be3 Qa4 35. Rc1 Qb4 36. Qd1 Qa4 37. Bg1 Rd2 38. Qf1 Rxd3 39. Qe2 Rxa3 {
Kuppenheim gibt auf  (Lag: Av=0.55s, max=1.2s) [%emt 0:00:07]} 0-1

[Event "12h Blitz Kuppenheim Vorrunde"]
[Site "Kuppenheim"]
[Date "2005.06.03"]
[Round "?"]
[White "KingLoek"]
[Black "Morawietz"]
[Result "1-0"]
[ECO "C89"]
[WhiteElo "2685"]
[BlackElo "1830"]
[PlyCount "131"]
[EventDate "2005.06.03"]
[EventType "blitz"]
[Source "Kuppenheim"]
[SourceDate "2005.01.01"]
[TimeControl "240"]

1. e4 e5 2. Nf3 Nc6 3. Bb5 a6 4. Ba4 Nf6 5. O-O b5 6. Bb3 Be7 7. Re1 O-O 8. c3 d5 9. exd5 Nxd5 10. Nxe5 Nxe5 11. Rxe5 c6 12. d4 Bd6 13. Re1 Qh4 14. g3 Qh3 15. Qd3 Bf5 16. Qf1 Qh5 17. Be3 Bh3 18. Qe2 Bg4 19. Qd3 Rae8 20. Nd2 Re6 21. Bd1 Rfe8 22. Bxg4 Qxg4 23. Nf1 Nf4 24. Bxf4 Rxe1 25. Rxe1 Rxe1 26. Bxd6 Qd1 27. Qxd1 Rxd1 28. Kg2 Rb1 29. b4 Rb2 30. Kf3 Rxa2 31. Ne3 f6 32. h4 Kf7 33. g4 g6 34. g5 Ra3 35. Nd1 Ra1 36. Ke2 Ra2+ 37. Kd3 f5 38. Bg3 Ke6 39. Ne3 Ra3 40. Ng2 a5 41. Nf4+ Kf7 42. bxa5 Rxa5 43. Ne2 Ra3 44. Bf4 Ke6 45. Bd2 b4 46. Bc1 Ra4 47. Nf4+ Kf7 48. cxb4 Rxb4 49. Bd2 Rb2 50. Ke3 Rb3+ 51. Nd3 Ke6 52. Ke2 Rb1 53. Nf4+ Kf7 54. h5 gxh5 55. Nxh5 Rh1 56. Ng3 Rb1 57. Nxf5 Rb2 58. Ne3 Rb5 59. f4 c5 60. dxc5 Rxc5 61. Kf3 Rb5 62. Kg4 Rb2 63. Bc3 Re2 64. Bd4 Re1 65. Kf5 Rg1 66. Ng4 {
Zeit  (Lag: Av=0.61s, max=1.8s) [%emt 0:00:01]} 1-0

[Event "12h Blitz Kuppenheim Vorrunde"]
[Site "Kuppenheim"]
[Date "2005.06.03"]
[Round "?"]
[White "Fischer"]
[Black "KingLoek"]
[Result "0-1"]
[ECO "B87"]
[WhiteElo "2010"]
[BlackElo "2685"]
[PlyCount "34"]
[EventDate "2005.06.03"]
[EventType "blitz"]
[Source "Kuppenheim"]
[SourceDate "2005.01.01"]
[TimeControl "240"]

1. e4 c5 2. Nf3 d6 3. d4 cxd4 4. Nxd4 Nf6 5. Nc3 a6 6. Bc4 e6 7. Bb3 Be7 8. O-O O-O 9. f4 b5 10. e5 dxe5 11. fxe5 Bc5 12. Be3 Nc6 13. Nxc6 Bxe3+ 14. Kh1 Qxd1 15. Raxd1 Ng4 16. Ne4 Bb7 17. Rd7 Bxc6 {
Kuppenheim gibt auf  (Lag: Av=0.63s, max=1.7s) [%emt 0:00:05]} 0-1

[Event "12h Blitz Kuppenheim Vorrunde"]
[Site "Kuppenheim"]
[Date "2005.06.03"]
[Round "?"]
[White "KingLoek"]
[Black "Vvernyy"]
[Result "1-0"]
[ECO "A46"]
[WhiteElo "2685"]
[BlackElo "1980"]
[PlyCount "61"]
[EventDate "2005.06.03"]
[EventType "blitz"]
[Source "Kuppenheim"]
[SourceDate "2005.01.01"]
[TimeControl "240"]

1. d4 Nf6 2. Nf3 g5 3. Bxg5 Bg7 4. Nbd2 O-O 5. e4 d6 6. Bd3 Nc6 7. c3 e5 8. O-O Bg4 9. Qc2 exd4 10. cxd4 Nb4 11. Qb3 Nxd3 12. Qxd3 Qd7 13. Nh4 Bh5 14. Nf5 Bg6 15. Nxg7 Kxg7 16. Qf3 Ne8 17. Rfe1 f6 18. Bh4 c5 19. d5 Nc7 20. g4 Rae8 21. a4 Qf7 22. Nc4 Rd8 23. Bg3 Ne8 24. h3 h5 25. Qc3 Rh8 26. f4 hxg4 27. hxg4 Qg8 28. f5 Rh3 29. Kg2 Bxf5 30. exf5 Qh7 31. Re7+ {
Zeit  (Lag: Av=0.62s, max=1.5s) [%emt 0:00:03]} 1-0

[Event "12h Blitz Kuppenheim Vorrunde"]
[Site "Kuppenheim"]
[Date "2005.06.03"]
[Round "?"]
[White "Telljohann"]
[Black "KingLoek"]
[Result "0-1"]
[ECO "A07"]
[WhiteElo "2375"]
[BlackElo "2685"]
[PlyCount "110"]
[EventDate "2005.06.03"]
[EventType "blitz"]
[Source "Kuppenheim"]
[SourceDate "2005.01.01"]
[TimeControl "240"]

1. Nf3 Nf6 2. g3 d5 3. Bg2 Bf5 4. O-O e6 5. d3 h6 6. b3 Be7 7. Bb2 O-O 8. c4 c5 9. a3 Nc6 10. cxd5 exd5 11. d4 Ne4 12. e3 Bf6 13. Nc3 cxd4 14. Nxe4 dxe4 15. Nxd4 Nxd4 16. Bxd4 Bxd4 17. exd4 Qd5 18. Qh5 Rad8 19. Rfd1 Be6 20. Qxd5 Bxd5 21. b4 Rc8 22. Rac1 Rfd8 23. Bh3 Rxc1 24. Rxc1 Bc6 25. Rd1 g6 26. Kf1 f5 27. Ke2 Kf7 28. Ke3 Kf6 29. Rc1 g5 30. Rc5 f4+ 31. gxf4 gxf4+ 32. Kxf4 Rxd4 33. b5 Bd5 34. Bg2 b6 35. Rc7 Ra4 36. Bf1 Rxa3 37. Be2 Rh3 38. Rd7 Be6 39. Rd6 Rxh2 40. Bg4 Rxf2+ 41. Kg3 Rf5 42. Bxf5 Kxf5 43. Rc6 h5 44. Rc7 h4+ 45. Kxh4 Kf4 46. Rxa7 e3 47. Re7 Bf5 48. Ra7 e2 49. Ra1 Bd3 50. Kh5 Bxb5 51. Kg6 Bd3+ 52. Kf6 b5 53. Ke6 b4 54. Kd5 Ke3 55. Rg1 b3 {
Kuppenheim gibt auf  (Lag: Av=0.66s, max=1.7s) [%emt 0:00:02]} 0-1

[Event "12h Blitz Kuppenheim Vorrunde"]
[Site "Kuppenheim"]
[Date "2005.06.03"]
[Round "?"]
[White "KingLoek"]
[Black "Cicak"]
[Result "1-0"]
[ECO "A41"]
[WhiteElo "2685"]
[BlackElo "2530"]
[PlyCount "99"]
[EventDate "2005.06.03"]
[EventType "blitz"]
[Source "Kuppenheim"]
[SourceDate "2005.01.01"]
[TimeControl "240"]

1. d4 g6 2. c4 Bg7 3. Nf3 d6 4. Nc3 Nc6 5. d5 Ne5 6. Nxe5 Bxe5 7. e4 Bg7 8. Be2 Nf6 9. O-O O-O 10. f4 c6 11. Bf3 cxd5 12. cxd5 e6 13. dxe6 Bxe6 14. Be3 Qa5 15. Bd4 Rfd8 16. Kh1 Rac8 17. f5 Bc4 18. Rf2 Nd7 19. Bxg7 Kxg7 20. Qxd6 Ne5 21. Qe7 Re8 22. Qh4 f6 23. Qg3 g5 24. Rd2 Rcd8 25. Rad1 Rxd2 26. Rxd2 Rd8 27. Qf2 Nd3 28. Qe3 Qe5 29. Kg1 b6 30. Be2 Qd4 31. Qxd4 Rxd4 32. Bxd3 Rxd3 33. Rxd3 Bxd3 34. Kf2 Bc4 35. Ke3 Kf7 36. Kd4 Bf1 37. g3 h5 38. h4 Bg2 39. Kd5 Ke7 40. Kc6 Bh1 41. b4 Bg2 42. a4 Bh1 43. b5 Bg2 44. Kc7 Bh1 45. Kb8 Kd6 46. Kxa7 Kc5 47. Nd5 Bxe4 48. Nxf6 Bxf5 49. hxg5 Bc2 50. a5 {
Kuppenheim gibt auf  (Lag: Av=0.70s, max=1.7s) [%emt 0:00:09]} 1-0

[Event "12h Blitz Kuppenheim Vorrunde"]
[Site "Kuppenheim"]
[Date "2005.06.03"]
[Round "?"]
[White "Xheladini"]
[Black "KingLoek"]
[Result "0-1"]
[ECO "B30"]
[WhiteElo "2230"]
[BlackElo "2685"]
[PlyCount "114"]
[EventDate "2005.06.03"]
[EventType "blitz"]
[Source "Kuppenheim"]
[SourceDate "2005.01.01"]
[TimeControl "240"]

1. e4 c5 2. Nc3 Nc6 3. Nf3 g6 4. Bc4 Bg7 5. O-O e6 6. Re1 d6 7. a4 Nge7 8. Bb3 O-O 9. d3 a6 10. Bd2 Rb8 11. h3 b5 12. axb5 axb5 13. Qc1 d5 14. Bh6 c4 15. Ba2 Nb4 16. Bb1 d4 17. Ne2 Nec6 18. Ng3 e5 19. Bg5 Qd6 20. Bh6 Be6 21. Bxg7 Kxg7 22. Qg5 f6 23. Nh5+ Kh8 24. Nxf6 Qe7 25. Nd5 Nxd5 26. exd5 Qxg5 27. Nxg5 Bxd5 28. Ra6 Ra8 29. Nf7+ Kg7 30. Rxa8 Rxa8 31. Nxe5 c3 32. bxc3 dxc3 33. Nxc6 Bxc6 34. Re6 Be8 35. Kh2 b4 36. Rb6 Ra4 37. d4 Bf7 38. g4 Bd5 39. Kg3 b3 40. cxb3 Rxd4 41. Rd6 Rd1 42. Bc2 Rd2 43. Bb1 Bxb3 44. Rc6 c2 45. Bxc2 Rxc2 46. Rxc2 Bxc2 47. f4 Kf6 48. Kh4 Bd3 49. Kg3 Bf1 50. Kh4 h6 51. Kg3 Ke6 52. h4 h5 53. f5+ gxf5 54. gxh5 Kf6 55. h6 Kg6 56. h7 Kxh7 57. Kf4 {. [%emt 0:00:01]} Bd3 {
Zeit  (Lag: Av=0.67s, max=1.9s) [%emt 0:00:00]} 0-1

[Event "12h Blitz Kuppenheim Vorrunde"]
[Site "Kuppenheim"]
[Date "2005.06.03"]
[Round "?"]
[White "KingLoek"]
[Black "Bilger"]
[Result "1-0"]
[ECO "E67"]
[WhiteElo "2685"]
[BlackElo "1800"]
[PlyCount "63"]
[EventDate "2005.06.03"]
[EventType "blitz"]
[Source "Kuppenheim"]
[SourceDate "2005.01.01"]
[TimeControl "240"]

1. d4 g6 2. c4 Bg7 3. Nf3 d6 4. Nc3 Nd7 5. g3 e5 6. Bg2 Ngf6 7. O-O O-O 8. Qc2 exd4 9. Nxd4 Ne5 10. b3 Rb8 11. Rd1 Bd7 12. h3 Re8 13. e4 Nc6 14. Be3 Nxd4 15. Bxd4 Bc6 16. Rac1 Qd7 17. Nd5 Bxd5 18. cxd5 Rec8 19. Bxa7 Ra8 20. Be3 Ne8 21. a4 c6 22. dxc6 Rxc6 23. Qd3 Rxc1 24. Rxc1 Rc8 25. Rxc8 Qxc8 26. Bf1 Qc6 27. Qc4 Nc7 28. Qxc6 bxc6 29. Bb6 Ne6 30. a5 Bd4 31. Bxd4 Nxd4 32. a6 {
Kuppenheim gibt auf  (Lag: Av=0.63s, max=1.1s) [%emt 0:00:01]} 1-0

[Event "12h Blitz Kuppenheim Vorrunde"]
[Site "Kuppenheim"]
[Date "2005.06.03"]
[Round "?"]
[White "Schmitt"]
[Black "KingLoek"]
[Result "0-1"]
[ECO "B81"]
[WhiteElo "2150"]
[BlackElo "2685"]
[PlyCount "60"]
[EventDate "2005.06.03"]
[EventType "blitz"]
[Source "Kuppenheim"]
[SourceDate "2005.01.01"]
[TimeControl "240"]

1. e4 c5 2. Nf3 e6 3. d4 cxd4 4. Nxd4 Nf6 5. Nc3 d6 6. g4 Nc6 7. g5 Nd7 8. h4 Be7 9. Be3 a6 10. Qh5 O-O 11. O-O-O Re8 12. f4 Bf8 13. Bh3 Nxd4 14. Rxd4 b5 15. Qe2 Bb7 16. h5 e5 17. fxe5 Nxe5 18. Bf5 Qc7 19. g6 fxg6 20. hxg6 hxg6 21. Bxg6 Nxg6 22. Qh5 Re6 23. Nd5 Bxd5 24. exd5 Rf6 25. Bg5 Rc8 26. c3 Qe7 27. Bxf6 Qxf6 28. Qh7+ Kf7 29. Qh2 Qxd4 30. Rf1+ Kg8 {
Kuppenheim gibt auf  (Lag: Av=0.70s, max=1.9s) [%emt 0:00:17]} 0-1

[Event "12h Blitz Kuppenheim Vorrunde"]
[Site "Kuppenheim"]
[Date "2005.06.03"]
[Round "?"]
[White "KingLoek"]
[Black "Raub"]
[Result "1-0"]
[ECO "D93"]
[WhiteElo "2685"]
[BlackElo "1800"]
[PlyCount "81"]
[EventDate "2005.06.03"]
[EventType "blitz"]
[Source "Kuppenheim"]
[SourceDate "2005.01.01"]
[TimeControl "240"]

1. d4 Nf6 2. Nf3 d5 3. c4 c6 4. Nc3 g6 5. Bf4 Bg7 6. e3 O-O 7. h3 dxc4 8. Bxc4 Nbd7 9. O-O Nb6 10. Bb3 Bf5 11. Re1 Ne4 12. Rc1 Rc8 13. Nd2 Nxc3 14. bxc3 Bd3 15. e4 e6 16. Nf3 Bc4 17. Ne5 Bxb3 18. axb3 Nd7 19. Nc4 Nb6 20. Nd6 Rb8 21. c4 Nc8 22. c5 b5 23. Qd2 a5 24. Ra1 Ra8 25. Red1 a4 26. bxa4 bxa4 27. Rdb1 Qa5 28. Qxa5 Rxa5 29. Rb4 Nxd6 30. Bxd6 Rfa8 31. e5 Bh6 32. Rb6 a3 33. Ra2 Bc1 34. Rxc6 Bb2 35. Rc7 R5a7 36. Rxa7 Rxa7 37. c6 Ra4 38. c7 Rc4 39. Bc5 Bxd4 40. c8=Q+ Kg7 41. Qf8# {
(Lag: Av=0.63s, max=1.0s) [%emt 0:00:03]} 1-0

[Event "12h Blitz Kuppenheim Vorrunde"]
[Site "Kuppenheim"]
[Date "2005.06.03"]
[Round "?"]
[White "Scheidl"]
[Black "KingLoek"]
[Result "0-1"]
[ECO "A46"]
[WhiteElo "1500"]
[BlackElo "2685"]
[PlyCount "52"]
[EventDate "2005.06.03"]
[EventType "blitz"]
[Source "Kuppenheim"]
[SourceDate "2005.01.01"]
[TimeControl "240"]

1. d4 Nf6 2. Nf3 c5 3. Bf4 cxd4 4. Nxd4 e5 5. Bxe5 Qa5+ 6. c3 Qxe5 7. e3 Nc6 8. Nd2 Nxd4 9. cxd4 Qa5 10. Bd3 Bb4 11. a3 Bxd2+ 12. Qxd2 Qxd2+ 13. Kxd2 d5 14. b4 Be6 15. h3 h5 16. Rhc1 Kd7 17. Rc3 Rhc8 18. Rac1 Rxc3 19. Rxc3 Rc8 20. Bb5+ Kd6 21. Rc5 Ne4+ 22. Ke2 Nxc5 23. dxc5+ Ke7 24. Bd3 b6 25. cxb6 axb6 26. f3 Ra8 {
Kuppenheim gibt auf  (Lag: Av=0.60s, max=1.0s) [%emt 0:00:03]} 0-1

[Event "12h Blitz Kuppenheim Vorrunde"]
[Site "Kuppenheim"]
[Date "2005.06.03"]
[Round "?"]
[White "KingLoek"]
[Black "Heuser"]
[Result "1-0"]
[ECO "E91"]
[WhiteElo "2685"]
[BlackElo "1650"]
[PlyCount "71"]
[EventDate "2005.06.03"]
[EventType "blitz"]
[Source "Kuppenheim"]
[SourceDate "2005.01.01"]
[TimeControl "240"]

1. d4 Nf6 2. Nf3 g6 3. c4 Bg7 4. Nc3 d6 5. e4 O-O 6. Be2 c5 7. d5 Nbd7 8. h3 a6 9. a4 Re8 10. O-O Nf8 11. Bf4 Bd7 12. e5 dxe5 13. Nxe5 e6 14. Bf3 Rc8 15. d6 Bc6 16. Nxc6 bxc6 17. a5 N8d7 18. Re1 e5 19. Bg3 Rb8 20. b3 h6 21. Bxc6 Nh5 22. Bh2 Nf4 23. Bxf4 exf4 24. Rxe8+ Qxe8 25. Qd2 Rc8 26. Re1 Qd8 27. Nd5 Rxc6 28. Ne7+ Kh7 29. Nxc6 Qc8 30. Ne7 Qa8 31. Qxf4 Nf6 32. Rd1 Qd8 33. Nc6 Qd7 34. Ne5 Qd8 35. d7 Nh5 36. Qxf7 {
Zeit  (Lag: Av=0.72s, max=2.5s) [%emt 0:00:04]} 1-0

[Event "12h Blitz Kuppenheim Vorrunde"]
[Site "Kuppenheim"]
[Date "2005.06.03"]
[Round "?"]
[White "Mutschnik"]
[Black "KingLoek"]
[Result "0-1"]
[ECO "B80"]
[WhiteElo "2410"]
[BlackElo "2685"]
[PlyCount "98"]
[EventDate "2005.06.03"]
[EventType "blitz"]
[Source "Kuppenheim"]
[SourceDate "2005.01.01"]
[TimeControl "240"]

1. e4 c5 2. Nf3 d6 3. d4 cxd4 4. Nxd4 Nf6 5. Nc3 a6 6. Be3 e6 7. Qd2 b5 8. f3 Nbd7 9. g4 Nb6 10. Qf2 Nfd7 11. f4 Qc7 12. f5 e5 13. Nb3 Bb7 14. Bg2 Nc4 15. O-O-O Rc8 16. Kb1 Nxe3 17. Qxe3 b4 18. Ne2 Qxc2+ 19. Ka1 Qc7 20. Rc1 Qb8 21. Rxc8+ Bxc8 22. g5 Be7 23. h4 h6 24. f6 gxf6 25. gxh6 Bf8 26. Bh3 Rh7 27. Rg1 Bxh6 28. Qf3 Rg7 29. Bxd7+ Bxd7 30. Qxf6 Rxg1+ 31. Nxg1 Qb6 32. Qxh6 Qxg1+ 33. Nc1 Bc6 34. a3 b3 35. Qd2 Bxe4 36. Qc3 Kd7 37. Qc4 Bd5 38. Qc3 Qd1 39. Qe3 f5 40. Qg5 f4 41. Qf5+ Kc6 42. Qc8+ Kb5 43. Qb8+ Kc5 44. Qb4+ Kc6 45. Qa4+ Kc7 46. Qa5+ Kd7 47. Qc3 f3 48. Qe3 f2 49. Qh3+ Ke7 {
Kuppenheim gibt auf  (Lag: Av=0.61s, max=1.2s) [%emt 0:00:02]} 0-1

[Event "12h Blitz Kuppenheim Vorrunde"]
[Site "Kuppenheim"]
[Date "2005.06.03"]
[Round "?"]
[White "KingLoek"]
[Black "Polaczek"]
[Result "1-0"]
[ECO "D15"]
[WhiteElo "2685"]
[BlackElo "2430"]
[PlyCount "55"]
[EventDate "2005.06.03"]
[EventType "blitz"]
[Source "Kuppenheim"]
[SourceDate "2005.01.01"]
[TimeControl "240"]

1. d4 d5 2. c4 c6 3. Nc3 Nf6 4. Nf3 a6 5. a4 e6 6. Bg5 Nbd7 7. cxd5 exd5 8. e3 a5 9. Bd3 Be7 10. Qc2 O-O 11. O-O Re8 12. Rae1 Nf8 13. Ne5 Be6 14. f4 Ne4 15. Bxe7 Qxe7 16. f5 Bc8 17. Nxe4 f6 18. Nxc6 bxc6 19. Nc5 Qc7 20. e4 dxe4 21. Bxe4 Rd8 22. Qc4+ Kh8 23. Ne6 Nxe6 24. fxe6 Qd6 25. Bxc6 Ba6 26. Qc5 Rac8 27. Qxd6 Rxd6 28. e7 {
Kuppenheim gibt auf  (Lag: Av=0.55s, max=0.8s) [%emt 0:00:01]} 1-0

[Event "12h Blitz Kuppenheim Vorrunde"]
[Site "Kuppenheim"]
[Date "2005.06.04"]
[Round "?"]
[White "KingLoek"]
[Black "Schäfer"]
[Result "1-0"]
[ECO "E90"]
[WhiteElo "2685"]
[BlackElo "2100"]
[PlyCount "49"]
[EventDate "2005.06.03"]
[EventType "blitz"]
[Source "Kuppenheim"]
[SourceDate "2005.01.01"]
[TimeControl "240"]

1. d4 Nf6 2. Nf3 g6 3. c4 Bg7 4. Nc3 d6 5. e4 c6 6. Be2 O-O 7. O-O Qe8 8. e5 Nfd7 9. exd6 exd6 10. Bf4 Qe6 11. Re1 Rd8 12. Bd3 Qg4 13. Bxd6 Nf6 14. c5 Bf5 15. h3 Qh5 16. g4 Nxg4 17. Bxf5 gxf5 18. hxg4 fxg4 19. Ne5 f5 20. Qb3+ Kh8 21. Nf7+ Kg8 22. Nxd8+ Kh8 23. Nf7+ Kg8 24. Nh6+ Kh8 25. Qg8# {
(Lag: Av=0.61s, max=1.3s) [%emt 0:00:00]} 1-0

[Event "12h Blitz Kuppenheim Vorrunde"]
[Site "Kuppenheim"]
[Date "2005.06.04"]
[Round "?"]
[White "Trapp"]
[Black "KingLoek"]
[Result "0-1"]
[ECO "B85"]
[WhiteElo "2000"]
[BlackElo "2685"]
[PlyCount "40"]
[EventDate "2005.06.03"]
[EventType "blitz"]
[Source "Kuppenheim"]
[SourceDate "2005.01.01"]
[TimeControl "240"]

1. e4 c5 2. Nf3 d6 3. d4 cxd4 4. Nxd4 Nf6 5. Nc3 a6 6. Be2 e6 7. O-O Be7 8. Kh1 O-O 9. f4 Qc7 10. a4 b6 11. Bf3 Bb7 12. Qe1 Nbd7 13. f5 e5 14. Nb3 b5 15. axb5 axb5 16. Rxa8 Rxa8 17. Qe2 b4 18. Nd1 Ba6 19. Qf2 Bxf1 20. Qxf1 Qxc2 {
Kuppenheim gibt auf  (Lag: Av=0.51s, max=0.9s) [%emt 0:00:02]} 0-1

[Event "12h Blitz Kuppenheim Vorrunde"]
[Site "Kuppenheim"]
[Date "2005.06.04"]
[Round "?"]
[White "KingLoek"]
[Black "Lutz"]
[Result "1-0"]
[ECO "A85"]
[WhiteElo "2685"]
[BlackElo "2150"]
[PlyCount "97"]
[EventDate "2005.06.03"]
[EventType "blitz"]
[Source "Kuppenheim"]
[SourceDate "2005.01.01"]
[TimeControl "240"]

1. d4 d5 2. c4 e6 3. Nc3 f5 4. Nf3 Nf6 5. Bf4 c6 6. e3 Bd6 7. c5 Bxf4 8. exf4 O-O 9. Bd3 Ne4 10. Ne2 Nd7 11. O-O Re8 12. Ne1 Nf8 13. f3 Nf6 14. b4 a6 15. a4 Bd7 16. Qd2 Qe7 17. Rb1 Rec8 18. Bc2 Ne8 19. Nd3 Nc7 20. Rfe1 Be8 21. Nc3 Qf6 22. Qe3 g6 23. g4 Kf7 24. Kg2 Bd7 25. Qf2 Re8 26. h4 Kg7 27. Rg1 Kh8 28. Ne5 Red8 29. g5 Qg7 30. Ne2 Be8 31. Ng3 Nd7 32. Nd3 Qf8 33. Rh1 Qg7 34. h5 Bf7 35. hxg6 Bxg6 36. Rh6 Kg8 37. Rbh1 Nf8 38. Ne5 Re8 39. Nh5 Bxh5 40. R1xh5 Re7 41. Qh4 Ne8 42. a5 Rc8 43. Kf1 Ra8 44. Rf6 Rc7 45. Rhh6 Rac8 46. Rxe6 Nxe6 47. Rxe6 Re7 48. Bxf5 Ra8 49. Rh6 {
Kuppenheim gibt auf  (Lag: Av=0.66s, max=2.5s) [%emt 0:00:05]} 1-0

[Event "12h Blitz Kuppenheim Vorrunde"]
[Site "Kuppenheim"]
[Date "2005.06.04"]
[Round "?"]
[White "Schaeuble"]
[Black "KingLoek"]
[Result "0-1"]
[ECO "D30"]
[WhiteElo "1550"]
[BlackElo "2685"]
[PlyCount "60"]
[EventDate "2005.06.03"]
[EventType "blitz"]
[Source "Kuppenheim"]
[SourceDate "2005.01.01"]
[TimeControl "240"]

1. Nf3 Nf6 2. c4 e6 3. d4 d5 4. e3 Be7 5. Bd3 O-O 6. O-O b6 7. b3 Bb7 8. Nbd2 Nbd7 9. Bb2 c5 10. dxc5 Nxc5 11. Be2 Rc8 12. cxd5 Nxd5 13. Nd4 Bf6 14. Qb1 Qe7 15. N2f3 Rfd8 16. a3 g6 17. b4 Na4 18. Qa2 e5 19. Bb5 Nac3 20. Bxc3 Nxc3 21. Qb3 exd4 22. Nxd4 Bxd4 23. exd4 Qg5 24. f3 Qxb5 25. Rfe1 Qd3 26. Qb2 Rxd4 27. Re7 Bd5 28. Rae1 Bxf3 29. gxf3 Qxf3 30. R7e3 Rg4+ {
Kuppenheim gibt auf  (Lag: Av=0.69s, max=2.8s) [%emt 0:00:02]} 0-1

[Event "12h Blitz Kuppenheim Vorrunde"]
[Site "Kuppenheim"]
[Date "2005.06.04"]
[Round "?"]
[White "Hunerfauth"]
[Black "KingLoek"]
[Result "0-1"]
[ECO "B50"]
[WhiteElo "2050"]
[BlackElo "2685"]
[PlyCount "62"]
[EventDate "2005.06.03"]
[EventType "blitz"]
[Source "Kuppenheim"]
[SourceDate "2005.01.01"]
[TimeControl "240"]

1. e4 c5 2. Nf3 d6 3. c3 Nf6 4. Be2 Nc6 5. d4 cxd4 6. cxd4 Nxe4 7. d5 Qa5+ 8. Nc3 Nxc3 9. bxc3 Ne5 10. Nxe5 Qxc3+ 11. Bd2 Qxe5 12. O-O Qxd5 13. Bf3 Qf5 14. Rc1 Qd7 15. Ba5 e6 16. Rc7 Qb5 17. Qd2 Be7 18. Rfc1 Bd7 19. Rxb7 Qg5 20. Qxg5 Bxg5 21. Rcc7 Rc8 22. h4 Rxc7 23. Bxc7 Bd8 24. Bxd6 a5 25. Rb8 f6 26. h5 a4 27. h6 g6 28. Ra8 Rg8 29. Bb7 f5 30. Bc8 Bxc8 31. Rxc8 Kd7 {
Zeit  (Lag: Av=0.59s, max=1.5s) . [%emt 0:00:00]} 0-1

[Event "12h Blitz Kuppenheim Endrunde"]
[Site "Kuppenheim"]
[Date "2005.06.04"]
[Round "?"]
[White "Peci"]
[Black "KingLoek"]
[Result "0-1"]
[ECO "B23"]
[WhiteElo "2000"]
[BlackElo "2685"]
[PlyCount "96"]
[EventDate "2005.06.03"]
[EventType "blitz"]
[Source "Kuppenheim"]
[SourceDate "2005.01.01"]
[TimeControl "240"]

1. e4 c5 2. Nc3 Nc6 3. Bc4 e6 4. d3 Nf6 5. Bb3 d5 6. Bg5 d4 7. Nce2 Be7 8. Bd2 O-O 9. f4 b5 10. a3 a5 11. Ng3 a4 12. Ba2 Rb8 13. Nh5 c4 14. Nxf6+ Bxf6 15. Qh5 g6 16. Qg4 c3 17. bxc3 dxc3 18. Be3 Nd4 19. Bxd4 Bxd4 20. Nf3 b4 21. axb4 Rxb4 22. h4 h5 23. Qg3 Rb2 24. f5 Rxc2 25. Nxd4 Qxd4 26. fxe6 Kg7 27. Rf1 Bxe6 28. Bxe6 fxe6 29. Rxf8 Kxf8 30. Qb8+ Ke7 31. Qc7+ Kf8 32. Qb8+ Kg7 33. Qc7+ Kg8 34. Qb8+ Kh7 35. Qc7+ Qg7 36. Qf4 Qa7 37. Kf1 Rb2 38. Rc1 c2 39. Ke2 a3 40. Kd2 a2 41. e5 Rb1 42. Rxc2 a1=Q 43. Qf3 Q7a5+ 44. Ke3 Q1xe5+ 45. Qe4 Re1+ 46. Re2 Rxe2+ 47. Kxe2 Qxe4+ 48. dxe4 Qc3 {
Kuppenheim gibt auf  (Lag: Av=0.56s, max=1.7s) [%emt 0:00:00]} 0-1